 Dungeon Crawl Stone Soup version 0.27-a0-124-g19cb506db8 (webtiles) character file.

Game seed: 8388309383686767003

33307 jasper the Cleaver (level 13, 0/121 HPs)
             Began as a Palentonga Berserker on Jan 25, 2021.
             Was a High Priest of Trog.
             Slain by a wyvern (1 damage)
             ... on level 3 of the Lair of Beasts.
             The game lasted 00:19:19 (16057 turns).

jasper the Cleaver (Palentonga Berserker)          Turns: 16057, Time: 00:19:19

Health: 0/121      AC: 25    Str: 24    XL:     13   Next: 36%
Magic:  13/13      EV:  3    Int:  8    God:    Trog [*****.]
Gold:   956        SH: 11    Dex: 11    Spells: 12/12 levels left

rFire    . . .     SeeInvis +   X - +4 broad axe (flame)
rCold    . . .     Faith    +   o - +0 kite shield
rNeg     . . .     Spirit   .   R - +0 plate armour
rPois    +         Reflect  .   (no helmet)
rElec    .         Harm     .   T - scarf {shadows}
rCorr    .         Rampage  .   p - +0 pair of gloves
Will     .....                  A - +0 barding
Stlth    ..........             s - amulet of faith
HPRegen  0.30/turn              x - ring of poison resistance
MPRegen  0.13/turn              (no ring)

@: frozen, berserk cooldown, slowed, curled up, very slow
A: large, rugged brown scales 3, see invisible, deformed body, roll 1, armoured
tail, reflexive curl
a: Rolling Charge, Renounce Religion, Berserk, Trog's Hand, Brothers in Arms


You were on level 3 of the Lair of Beasts.
You worshipped Trog.
Trog was extremely pleased with you.
You visited 2 branches of the dungeon, and saw 15 of its levels.

You collected 956 gold pieces.

Inventory:

Hand Weapons
 a - the +7 battleaxe of Plog {vorpal, rElec rN+ Will+ Int-4}
   (Trog gifted it to you on level 11 of the Dungeon)

   It inflicts extra damage upon your enemies.
   It affects your intelligence (-4).
   It insulates you from electricity.
   It protects you from negative energy.
   It affects your willpower, your defense against some magical effects.
 f - a +4 flail of freezing
 z - the +10 hand axe "Seisenk" {protect, *Rage rElec Str+5}
   (You found it on level 5 of the Dungeon)

   It grants its wielder temporary protection when it strikes (+7 to AC).
   It affects your strength (+5).
   It insulates you from electricity.
   It may make you go berserk in combat.
 D - a +0 morningstar of draining
 S - a +1 vorpal war axe
 X - a +4 broad axe of flaming (weapon)
Missiles
 d - 641 stones
 G - a throwing net
 L - 5 javelins
 V - 9 curare-tipped darts
Armour
 o - a +0 kite shield (worn)
 p - a +0 pair of gloves (worn)
 A - a +0 barding (worn)
 R - a +0 plate armour (worn)
 T - a scarf of shadows (worn)
Jewellery
 g - an uncursed amulet of regeneration
 s - an amulet of faith (around neck)
 x - a ring of poison resistance (left hand)
 P - an uncursed ring of ice
Wands
 b - a wand of acid (3)
 n - a wand of polymorph (12)
 q - a wand of flame (23)
 H - a wand of iceblast (3)
 I - a wand of random effects (18)
 U - a wand of digging (4)
Scrolls
 l - 10 scrolls of remove curse
 m - 8 scrolls of teleportation
 r - a scroll of amnesia
 u - 2 scrolls of blinking
 v - 6 scrolls of fear
 y - 2 scrolls of enchant weapon
 C - a scroll of fog {unknown}
 J - a scroll of brand weapon {unknown}
 K - 3 scrolls of immolation {unknown}
 M - a scroll of random uselessness {unknown}
 N - a scroll of noise {unknown}
 O - 2 scrolls of magic mapping {unknown}
 Q - a scroll of enchant armour {unknown}
Potions
 c - a potion of magic
 e - 10 potions of curing
 h - 2 potions of invisibility
 j - 2 potions of flight
 k - 2 potions of attraction
 t - 3 potions of degeneration
 w - 13 potions of ambrosia
 B - a potion of might
 E - a potion of berserk rage
 F - 3 potions of lignification
 W - a potion of cancellation {unknown}
Miscellaneous
 i - a box of beasts


   Skills:
 + Level 10.4 Fighting
 - Level 14.1 Axes
 + Level 8.5 Armour
 - Level 1.5 Dodging
 + Level 8.3 Shields
 - Level 6.0 Evocations


You had 12 spell levels left.
You didn't know any spells.
Your spell library was empty.

Dungeon Overview and Level Annotations

Branches:
Dungeon (11/15)            Temple (0/1) D:4            Lair (4/6) D:11
 Shoals (0/4) Lair:2       Spider (0/4) Lair:2          Orc (0/2) D:11

Altars:
Ashenzari
Elyvilon
Hepliaklqana
Kikubaaqudgha
Makhleb
Okawaru
Qazlal
Ru
Sif Muna
Trog
Uskayaw
Vehumet
Xom
Zin

Shops:
D:4 (   D:7 =

Annotations:
D:10 1 transporter, Foxy's ghost, journeyman BaVM
Lair:1 exclusion: oklob plant
Lair:4 Nessos


Innate Abilities, Weirdness & Mutations

You are completely covered in rugged brown scales. (AC +3, +7% HP)
You have supernaturally acute eyesight. (SInv)
Armour fits poorly on your strangely shaped body.
You can roll at nearby foes to attack.
You have a long armoured tail.
You curl defensively after being hit.


Message History

Your deep troll barely misses the rime drake. x2
Your deep troll claws the rime drake!
The wyvern bites you but does no damage.
You take 20 damage, and have 8/121 hp.
Your deep troll bites the rime drake!
Your deep troll claws the rime drake!
The rime drake dies!
Trog accepts your kill. You block the wyvern's attack.
The wyvern barely misses you.
Your deep troll barely misses the wyvern.
Your deep troll claws the wyvern.
Your deep troll claws the wyvern!!
The wyvern dies!
Trog accepts your kill. The wyvern bites you!
* * * LOW HITPOINT WARNING * * *
Your deep troll bites the basilisk.
Your deep troll claws the basilisk!
Your deep troll claws the basilisk!!
The basilisk dies!
Trog accepts your kill. The wyvern bites you.
You die...

....(...÷...#........#..###......
........#####........#### #.#....
.......## ##........# ###....
.......# #P........# #.....
#...#### ##.P'##.#P# ##.... ##.##
###..##### #.... #.†# ##..# #..+.
##.# ##P.# ###.. #.#
###.@+####### #####. #D#
#P..†l...#..####..... #.#
##.T†>÷.+..P##....... #.#
##..÷÷÷..#..###...... #D#
#........##....P..... #.#
##......####......... ##D#
#......P# #####..... #.r#
##......P# #..... ...#####
#.####'### #.....


You could see a wyvern and a friendly deep troll (summoned, berserk).

Vanquished Creatures
  A boulder beetle (D:11)
  2 hydras (Lair:3)
  A centaur warrior (D:11)
  2 two-headed ogres
  4 death yaks (Lair:3)
  Sonja (Lair:2)
  A flayed ghost (D:11)
  A cyclops (D:11)
  An elephant (D:11)
  9 cane toads
  5 rime drakes
  Maggie (D:6)
  6 komodo dragons
  A queen bee (Lair:1)
  2 polar bears (Lair:1)
  Grinder (D:5)
  A meliai (D:11)
  3 trolls
  A hornet (D:11)
  30 yaks
  A ynoxinul (D:9)
  9 wyverns
  A vampire (D:11)
  Eustachio (D:5)
  2 basilisks
  8 water moccasins
  A hornet zombie (D:10)
  5 orc warriors
  4 sky beasts
  5 black bears
  2 ice beasts
  3 necrophages
  4 phantoms
  13 wolves
  5 ogres
  9 centaurs
  A big kobold (D:9)
  16 bullfrogs
  A gnoll sergeant (D:5)
  A jelly (D:9)
  A scorpion (D:8)
  43 killer bees
  9 wights (D:11)
  An electric eel (Lair:1)
  3 howler monkeys
  2 centaur zombies
  2 bullfrog zombies (D:11)
  A quasit (D:11)
  A bullfrog skeleton (D:11)
  4 hounds
  4 orc priests
  4 orc wizards
  2 centaur skeletons
  Jessica (D:2)
  An iguana (D:6)
  5 hell rats (Lair:3)
  Natasha (thrice) (D:2)
  8 worker ants
  A mummy (D:11)
  2 hound skeletons
  A howler monkey zombie (D:11)
  A worker ant zombie (D:9)
  14 gnolls
  11 adders
  2 shadow imps
  4 white imps
  A howler monkey simulacrum (D:11)
  3 ufetubi
  An ooze (D:1)
  An adder skeleton (D:5)
  4 worms
  A dart slug (D:2)
  8 leopard geckos
  39 orcs
  9 giant cockroaches
  9 goblins
  5 hobgoblins
  13 jackals
  2 quokkas
  3 ball pythons
  9 bats
  A frilled lizard (D:3)
  7 kobolds
  5 rats
418 creatures vanquished.

Vanquished Creatures (collateral kills)
  2 hydras (Lair:3)
  An ugly thing (D:11)
  A rime drake (Lair:3)
  A basilisk (Lair:3)
  A wyvern (Lair:3)
  A phantom (D:11)
  A bullfrog (D:11)
  A leopard gecko (D:11)
9 creatures vanquished.

Vanquished Creatures (others)
  2 orcs (D:6)
  A bat (D:2)
  10 fungi
  28 plants
  2 withered plants (D:11)
43 creatures vanquished.

Grand Total: 470 creatures vanquished

Notes
Turn   | Place    | Note
-------+----------+-------------------------------------------
     0 | D:1      | jasper the Palentonga Berserker began the quest for the
                  | Orb.
     0 | D:1      | Reached XP level 1. HP: 20/20 MP: 1/1
   230 | D:1      | Reached XP level 2. HP: 17/27 MP: 2/2
   467 | D:1      | Reached skill level 4 in Axes
   713 | D:1      | Reached XP level 3. HP: 33/33 MP: 3/3
   982 | D:2      | Found a radiant altar of Vehumet.
  1068 | D:2      | Noticed Natasha
  1071 | D:2      | Killed Natasha
  1110 | D:2      | Noticed Natasha
  1119 | D:2      | Killed Natasha
  1120 | D:2      | Reached skill level 5 in Axes
  1120 | D:2      | Reached XP level 4. HP: 28/40 MP: 4/4
  1125 | D:2      | Found a white marble altar of Elyvilon.
  1327 | D:2      | Noticed Natasha
  1335 | D:2      | Killed Natasha
  1421 | D:2      | Found a shimmering altar of Xom.
  1421 | D:2      | Found a shimmering altar of Xom.
  1421 | D:2      | Found a shimmering altar of Xom.
  1421 | D:2      | Found a shimmering altar of Xom.
  1422 | D:2      | Found a shimmering altar of Xom.
  1562 | D:2      | Noticed Jessica
  1567 | D:2      | Killed Jessica
  1567 | D:2      | Reached ** piety under Trog
  1568 | D:2      | Reached XP level 5. HP: 47/48 MP: 5/5
  1628 | D:2      | Reached skill level 6 in Axes
  1642 | D:2      | Found a stormy altar of Qazlal.
  2538 | D:3      | Found a sacrificial altar of Ru.
  3069 | D:3      | Found a burning altar of Makhleb.
  3223 | D:3      | Found a glowing silver altar of Zin.
  3224 | D:3      | Noticed an angel
  3313 | D:4      | Found Kikhurr's Antique Weapon Shop.
  3371 | D:4      | Found a hazy altar of Hepliaklqana.
  3418 | D:4      | Found a staircase to the Ecumenical Temple.
  3424 | D:4      | Reached XP level 6. HP: 54/54 MP: 6/6
  3541 | D:4      | You fall into a shaft and drop 2 floors!
  3597 | D:6      | Noticed a sky beast
  3614 | D:6      | Killed a sky beast
  3615 | D:6      | Reached skill level 7 in Axes
  3675 | D:6      | Noticed an ice beast
  3694 | D:6      | Killed an ice beast
  3868 | D:6      | Found a shimmering blue altar of Sif Muna.
  4108 | D:5      | Entered Level 5 of the Dungeon
  4129 | D:5      | Reached skill level 8 in Axes
  4146 | D:5      | Gained mutation: You curl defensively after being hit.
                  | [Palentonga growth]
  4146 | D:5      | Reached XP level 7. HP: 56/60 MP: 7/7
  4287 | D:5      | Got a blackened hand axe
  4288 | D:5      | Identified the +10 hand axe "Seisenk" {protect, *Rage rElec
                  | Str+5} (You found it on level 5 of the Dungeon)
  4417 | D:5      | Reached *** piety under Trog
  4418 | D:5      | Reached skill level 9 in Axes
  4943 | D:5      | Noticed Eustachio
  4953 | D:5      | Killed Eustachio
  4954 | D:5      | Reached XP level 8. HP: 67/67 MP: 8/8
  5027 | D:5      | You fall into a shaft and drop 3 floors!
  5087 | D:7      | Found Waiziod's Jewellery Shoppe.
  5091 | D:7      | Reached skill level 10 in Axes
  5187 | D:6      | Noticed Maggie
  5201 | D:6      | Killed Maggie
  5373 | D:5      | Noticed Grinder
  5382 | D:5      | Killed Grinder
  5383 | D:5      | Reached skill level 11 in Axes
  5662 | D:6      | Reached **** piety under Trog
  6185 | D:7      | Reached XP level 9. HP: 67/73 MP: 9/9
  6315 | D:7      | Reached skill level 12 in Axes
  6487 | D:7      | Found an ancient bone altar of Kikubaaqudgha.
  6855 | D:7      | Reached skill level 13 in Axes
  7073 | D:8      | Reached ***** piety under Trog
  7551 | D:8      | Found an iron altar of Okawaru.
  7594 | D:9      | Reached skill level 14 in Axes
  7596 | D:9      | Reached XP level 10. HP: 82/82 MP: 10/10
  7670 | D:9      | Noticed a two-headed ogre
  7678 | D:9      | Killed a two-headed ogre
  7679 | D:9      | Reached skill level 1 in Shields
  7679 | D:9      | Reached skill level 1 in Evocations
  7760 | D:9      | Found a shimmering blue altar of Sif Muna.
  7782 | D:9      | Found a bloodstained altar of Trog.
  8401 | D:9      | Received a gift from Trog
  8819 | D:9      | Found a broken altar of Ashenzari.
  9014 | D:10     | Entered Level 10 of the Dungeon
  9026 | D:10     | Reached skill level 5 in Fighting
  9475 | D:10     | Found a transporter.
  9477 | D:10     | Noticed Foxy's ghost (journeyman BaVM)
  9477 | D:10     | Noticed a two-headed ogre
  9479 | D:10     | Identified the cursed +1 great mace of Shrieking Terror
                  | {freeze, *Contam Dex+5 Stlth+}
  9479 | D:10     | Noticed a two-headed ogre
  9523 | D:10     | Reached XP level 11. HP: 94/94 MP: 11/11
  9609 | D:10     | Noticed a two-headed ogre
  9621 | D:10     | Killed a two-headed ogre
 10147 | D:11     | Received a gift from Trog
 10149 | D:11     | Noticed a purple ugly thing
 10150 | D:11     | Got a masterwork battleaxe {god gift}
 10157 | D:11     | Killed a purple ugly thing
 10163 | D:11     | Reached skill level 5 in Evocations
 10195 | D:10     | Identified the +7 battleaxe of Plog {vorpal, rElec rN+
                  | Will+ Int-4} (Trog gifted it to you on level 11 of the
                  | Dungeon)
 10277 | D:11     | Found a staircase to the Lair.
 10300 | D:11     | Reached skill level 5 in Armour
 10679 | D:11     | Found a staircase to the Orcish Mines.
 10822 | D:11     | Found a runed translucent door.
 10891 | D:11     | Noticed a boulder beetle
 10898 | D:11     | Reached skill level 5 in Shields
 10913 | D:11     | Killed a boulder beetle
 10978 | D:11     | Noticed a centaur warrior
 10989 | D:11     | Killed a centaur warrior
 11034 | D:11     | Noticed a flayed ghost
 11041 | D:11     | Killed a flayed ghost
 11042 | D:11     | Reached XP level 12. HP: 107/107 MP: 12/12
 11102 | Lair:1   | Entered Level 1 of the Lair of Beasts
 11987 | Lair:1   | Found a hide-covered altar of Uskayaw.
 12500 | Lair:1   | Received a gift from Trog
 12524 | Lair:1   | Reached ****** piety under Trog
 12856 | Lair:2   | Found a hole to the Spider Nest.
 13088 | Lair:2   | Noticed Sonja
 13109 | Lair:2   | Killed Sonja
 13261 | Lair:2   | Found a staircase to the Shoals.
 14230 | Lair:3   | Noticed a seven-headed hydra
 14237 | Lair:3   | Killed a seven-headed hydra
 14282 | Lair:3   | Received a gift from Trog
 14730 | Lair:4   | Noticed Nessos
 14738 | Lair:3   | Reached XP level 13. HP: 97/119 MP: 13/13
 15477 | Lair:3   | Reached skill level 10 in Fighting
 16057 | Lair:3   | HP: 1/121 [wyvern (8)]
 16057 | Lair:3   | Slain by a wyvern

Illustrated notes

Levels and vault maps discovered:
D:1:      onia_arrival_mini_spirals, layout_loops_cross
D:2:      layout_basic, elyvilon_altar_5, fiery_altar_vehumet,
          nicolae_overflow_crystal_walls, xom_redecorated, uniq_jessica,
          uniq_natasha
D:3:      layout_loops_cross, old_standard_altar, zin_angel,
          general_overflow_altar
D:4:      layout_basic, kennysheep_little_box, minmay_temple_entry_large_hall,
          serial_shops, nicolae_shop_stone
D:5:      layout_basic, uniq_grinder, uniq_eustachio
D:6:      layout_loops_cross, lemuel_blue_sif_altar, uniq_maggie
D:7:      layout_basic, kiku_gazebo_garden_becter, serial_shops, shop
D:8:      layout_basic, chequers_hall_statues_y, david_defended_altar_elf
D:9:      layout_roguey, nzn_overflow_gifts_of_might_and_magic,
          old_standard_altar
D:10:     layout_roguey, gammafunk_ghost_smash, nicolae_wwwww
D:11:     minmay_diamond_stairs, layout_cave_pools, david_lair_generic,
          orc_0_dummy, serial_undead, serial_undead_b, serial_undead_c,
          serial_undead_d, serial_undead_b, lightli_airlock
Lair:1:   layout_cellular_growth, special_room [special_room_bee],
          serial_bayou_pond_b, lemuel_centaur_altar, minmay_lair_oklob_chamber,
          serial_bayou_shore_a, grunt_megastairs_5, lemuel_fruit_fields
Lair:2:   layout_regular_city, shoals_dummy_entry,
          nicolae_spider_entry_non_spiders, chequers_serial_rivers_large_a,
          uniq_sonja
Lair:3:   layout_roguey, serial_bayou_crossing, lemuel_fruit_fields
Lair:4:   layout_hall_layers, special_room [special_room_mythical_zoo],
          uniq_nessos

Skill      XL: |  1  2  3  4  5  6  7  8  9 10 11 12 13 |
---------------+----------------------------------------+-----
Axes           | 4 5 6 8 9 11 14 | 14.1
Armour         | 4 5 7 8 |  8.5
Shields        | 3 5 7 8 |  8.3
Evocations     | 3 6 |  6.0
Fighting       | 5 7 9 10 | 10.4
Dodging        | |  1.5

Action                   |  1- 3 |  4- 6 |  7- 9 | 10-12 | 13-15 || total
-------------------------+-------+-------+-------+-------+-------++-------
Melee: Hand axe          |    68 |   116 |   200 |   571 |       ||   955
       Tailslap          |    12 |    15 |    20 |    78 |    11 ||   136
       Unarmed           |       |     2 |       |       |       ||     2
       War axe           |       |    34 |    13 |    48 |       ||    95
       Broad axe         |       |       |       |    23 |    54 ||    77
Invok: Berserk           |       |     7 |     2 |     8 |     7 ||    24
       Brothers in Arms  |       |       |       |     2 |     2 ||     4
 Abil: Rolling Charge    |     6 |    13 |     6 |       |     1 ||    26
Evoke: Wand              |       |       |       |    10 |     1 ||    11
  Use: Scroll            |       |     6 |     3 |    10 |     1 ||    20
       Potion            |       |       |       |     1 |       ||     1
Armor: Animal skin       |    14 |       |       |       |       ||    14
       Chain mail        |    21 |    51 |   128 |     6 |       ||   206
       Skin              |       |     1 |       |       |       ||     1
       Plate armour      |       |       |       |   253 |   126 ||   379
Dodge: Dodged            |    30 |    31 |    16 |    45 |    15 ||   137
Block: Buckler           |     1 |     1 |       |       |       ||     2
       Kite shield       |       |    42 |    53 |   234 |    70 ||   399

Table legend: (Time is in decaauts)
 A = Elapsed time spent in this place.
 B = Non-inter-level travel time spent in this place.
 C = Inter-level travel time spent in this place.
 D = Time resting spent in this place.
 E = Time spent auto-exploring this place.
 F = Levels seen in this place.
 G = Mean time per level.
                   A        B        C        D        E       F      G
               +--------+--------+--------+--------+--------+-----+--------+
         Total |  16357 |  16022 |    335 |   4307 |   9468 |  15 | 1090.5 |
       Dungeon |  11305 |  11039 |    266 |   2583 |   6823 |  11 | 1027.7 |
          Lair |   5051 |   4983 |     68 |   1724 |   2645 |   4 | 1262.8 |
               +--------+--------+--------+--------+--------+-----+--------+

Top non-repeatable levels by time:
  Lair:3: 2230 daAuts
  Lair:1: 1788 daAuts
     D:9: 1444 daAuts
     D:6: 1338 daAuts
     D:2: 1259 daAuts
     D:5: 1181 daAuts
     D:3: 1124 daAuts
    D:10: 1111 daAuts
    D:11: 1028 daAuts
     D:1: 990 daAuts
  Lair:2: 981 daAuts
     D:7: 972 daAuts
     D:8: 616 daAuts
     D:4: 239 daAuts
  Lair:4: 51 daAuts
